 Dungeon Crawl Stone Soup version 0.28-a0-1387-g3a22ab9bdc (webtiles) character file.

Game seed: 6338814856199697080

51 ragingrage the Charlatan (level 3, 0/20 HPs)
             Began as a Gargoyle Artificer on Jan 3, 2022.
             Slain by an adder (2 damage)
             ... on level 2 of the Dungeon.
             The game lasted 00:05:27 (1928 turns).

ragingrage the Charlatan (Gargoyle Artificer)       Turns: 1928, Time: 00:05:27

Health: 0/20       AC:  6    Str: 17    XL:     3   Next: 83%
Magic:  3/3        EV: 11    Int: 11    God:
Gold:   58         SH:  0    Dex: 10    Spells: 2/2 levels left

rFire   . . .      SeeInvis .   f - +0 hand axe
rCold   + . .      Faith    .   (no shield)
rNeg    + . .      Spirit   .   b - +0 leather armour
rPois   ∞          Reflect  .   (no helmet)
rElec   +          Harm     .   (no cloak)
rCorr   .          Rampage  .   (no gloves)
Will    .....                   (no boots)
Stlth   +.........              (no amulet)
HPRegen 0.06/turn               h - ring of protection from cold
MPRegen 0.08/turn               (no ring)

@: no status effects
A: sickness immunity, AC +3, negative energy resistance 1, electricity
resistance, torment resistance 1, petrification resistance
a: no special abilities


You were on level 2 of the Dungeon.
You visited 1 branch of the dungeon, and saw 2 of its levels.

You collected 58 gold pieces.

Inventory:

Hand Weapons
 f - a +0 hand axe (weapon)
Missiles
 i - 35 poisoned darts (quivered)
Armour
 b - a +0 leather armour (worn)
Jewellery
 h - a ring of protection from cold (left hand)
Wands
 c - a wand of flame (11)
 d - a wand of charming (13)
Scrolls
 a - a scroll of identify {unknown}
 k - a scroll of teleportation {unknown}
 l - a scroll of noise {unknown}
Potions
 g - a potion of brilliance {unknown}
 j - a potion of cancellation {unknown}
Miscellaneous
 e - a piece from Xom's chessboard (15/15)


   Skills:
 - Level 1.4 Fighting
 + Level 1.7 Axes
 - Level 2.1 Armour
 - Level 0.7 Dodging
 - Level 1.1 Stealth
 + Level 3.5 Evocations


You had 2 spell levels left.
You didn't know any spells.
Your spell library contained the following spells:

 Spells                   Type           Power      Damage    Failure   Level
 Slow                     Hex            0%         N/A       38%         1
 Confusing Touch          Hex            0%         N/A       77%         3
 Vampiric Draining        Necr           0%         2d6       77%         3


Dungeon Overview and Level Annotations

Branches:
Dungeon (2/15)

Altars:


Innate Abilities, Weirdness & Mutations

You are immune to sickness and miasma.
Your stone body is resilient. (AC +3)
You are immune to poison.
You resist negative energy. (rN+)
You are resistant to electric shocks. (rElec)
You are resistant to unholy torment.
You are immune to petrification.


Message History

You see here an adder corpse.
No target in view!
i - 33 poisoned darts (gained 1)
i - 34 poisoned darts (gained 1)
i - 35 poisoned darts (gained 1)
You now have 58 gold pieces (gained 9).
Found a stone staircase leading down.
An adder comes into view.
An adder is nearby!
An adder is nearby!
The adder hisses angrily.
The adder bites you.
You barely miss the adder. The adder bites you but does no damage.
You closely miss the adder. The adder barely misses you. x2
You closely miss the adder. The adder bites you.
You are too injured to fight recklessly!
You are too injured to fight recklessly!
You are too injured to fight recklessly!
You are too injured to fight recklessly!
You are too injured to fight recklessly!
You are too injured to fight recklessly!
You are too injured to fight recklessly!
You miss the adder. The adder bites you but does no damage.
The adder bites you.
You hit the adder.
The adder is severely wounded.
The adder closely misses you.
You miss the adder.
The adder is severely wounded.
The adder bites you. x2
* * * LOW HITPOINT WARNING * * *
You closely miss the adder.
The adder is severely wounded.
The adder bites you but does no damage.
You hit the adder.
The adder is almost dead.
The adder bites you.
* * * LOW HITPOINT WARNING * * *
The adder bites you.
You die...

#...)...### #..#...
#.........# ....##..#
#.......#.##.#####..#
#.......#.#..# #....#
###########....####.##.#
#.......# #.##......##..
#.......###.##......#...
#...........##..........
#......@##..............
#......S######.....###..
#.......# ###..## #..
######### #.## ##. #.#
#. ### #. #. #. #.


You could see an adder.

Vanquished Creatures
  2 adders (D:2)
  A dart slug (D:1)
  3 ball pythons (D:1)
  4 bats
  4 endoplasms (D:1)
  3 goblins (D:1)
  A hobgoblin (D:1)
  2 jackals (D:1)
  A quokka (D:1)
  2 frilled lizards (D:1)
  3 kobolds
  4 rats
30 creatures vanquished.

Vanquished Creatures (collateral kills)
  A rat (D:1)
1 creature vanquished.

Vanquished Creatures (others)
  A hobgoblin (D:1)
1 creature vanquished.

Grand Total: 32 creatures vanquished

Notes
Turn   | Place    | Note
-------+----------+-------------------------------------------
     0 | D:1      | ragingrage the Gargoyle Artificer began the quest for the
                  | Orb.
     0 | D:1      | Reached XP level 1. HP: 12/12 MP: 1/1
   500 | D:1      | Reached skill level 3 in Evocations
   500 | D:1      | Reached XP level 2. HP: 16/16 MP: 2/2
   699 | D:1      | Reached skill level 1 in Axes
  1068 | D:1      | Reached XP level 3. HP: 17/20 MP: 3/3
  1275 | D:1      | Found a faded altar of an unknown god.
  1928 | D:2      | Slain by an adder

Illustrated notes

Levels and vault maps discovered:
D:1:      dpeg_arrival_arbitrary_a, layout_basic,
          shapermc_ecumenical_altar_pompeii, serial_park_tiny_2,
          minmay_surrounded
D:2:      layout_rooms, chequers_serial_rivers_micro_a

Skill      XL: |  1  2 |
---------------+-------+-----
Evocations     | 3 |  3.5
Axes           | 1 |  1.7
Fighting       | |  1.4
Armour         | |  2.1
Dodging        | |  0.7
Stealth        | |  1.1

Action                   || total
-------------------------++-------
Melee: Club              ||    17
       Hand axe          ||   106
Throw: Dart              ||     3
Evoke: Wand              ||     6
Armor: Leather armour    ||    80
Dodge: Dodged            ||   118

Table legend: (Time is in decaauts)
 A = Elapsed time spent in this place.
 B = Non-inter-level travel time spent in this place.
 C = Inter-level travel time spent in this place.
 D = Time resting spent in this place.
 E = Time spent auto-exploring this place.
 F = Levels seen in this place.
 G = Mean time per level.
                   A        B        C        D        E       F      G
               +--------+--------+--------+--------+--------+-----+--------+
         Total |   1959 |   1932 |     27 |    676 |    902 |   2 |  979.5 |
       Dungeon |   1959 |   1932 |     27 |    676 |    902 |   2 |  979.5 |
               +--------+--------+--------+--------+--------+-----+--------+

Top non-repeatable levels by time:
     D:1: 1732 daAuts
     D:2: 226 daAuts
